 Dungeon Crawl Stone Soup version 0.27-a0-650-g8dd3ea4f36 (webtiles) character file.

Game seed: 17534961781756333372

130 zzzxxxcccvvv the Ruffian (level 4, 0/44 HPs)
             Began as a Troll Fighter on Mar 15, 2021.
             Slain by Sigmund
             ... wielding a +0 scythe
              (7 damage)
             ... on level 3 of the Dungeon.
             The game lasted 00:04:51 (1401 turns).

zzzxxxcccvvv the Ruffian (Troll Fighter)            Turns: 1401, Time: 00:04:51

Health: 0/44       AC:  4    Str: 25    XL:     4   Next: 90%
Magic:  3/3        EV:  8    Int:  4    God:
Gold:   108        SH:  0    Dex:  9    Spells: 3/3 levels left

rFire    . . .     SeeInvis .     - Unarmed
rCold    . . .     Faith    .   b - +0 kite shield
rNeg     . . .     Spirit   .   a - +0 robe
rPois    .         Reflect  .   (helmet restricted)
rElec    .         Harm     .   (no cloak)
rCorr    .         Rampage  .   (gloves unavailable)
Will     .....                  (boots unavailable)
Stlth    +.........             (no amulet)
HPRegen  1.14/turn              (no ring)
MPRegen  0.08/turn              (no ring)

@: confused
A: large, unfitting armour, claws 3, regeneration 1, shaggy fur 1, tough skin 1
a: no special abilities


You were on level 3 of the Dungeon.
You visited 1 branch of the dungeon, and saw 3 of its levels.

You collected 108 gold pieces.

Inventory:

Hand Weapons
 o - a +1 dagger of venom
Armour
 a - a +0 robe (worn)
 b - a +0 kite shield (worn)
Scrolls
 e - a scroll of amnesia {unknown}
 f - a scroll of teleportation {unknown}
 h - 2 scrolls of magic mapping {unknown}
 i - a scroll of enchant weapon {unknown}
 j - 4 scrolls of fog {unknown}
 n - 2 scrolls of identify {unknown}
Potions
 c - a potion of might
 d - a potion of berserk rage {unknown}
 g - a potion of curing {unknown}
 k - a potion of degeneration {unknown}
 l - a potion of lignification {unknown}
 m - a potion of cancellation {unknown}


   Skills:
 + Level 2.8 Fighting
 + Level 3.2 Dodging
 + Level 3.0 Shields
 + Level 3.3 Unarmed Combat


You had 3 spell levels left.
You didn't know any spells.
Your spell library was empty.

Dungeon Overview and Level Annotations

Branches:
Dungeon (3/15)

Altars:

Annotations:
D:3 Sigmund


Innate Abilities, Weirdness & Mutations

You are too large for most types of armour.
You have claws for hands.
Your natural rate of healing is unusually fast.
You are covered in fur. (AC +1)
You have tough skin. (AC +1)


Message History

You barely miss the frilled lizard.
Sigmund casts a spell at himself.
Sigmund flickers and vanishes!
Deactivating autopickup; reactivate with Ctrl-A.
You block the frilled lizard's attack.
You claw the frilled lizard!
You kill the frilled lizard!
Something hits you but does no damage. Something hits you.
You miss something. Something hits you.
You hear some strange, mumbled words.
A magic dart appears from out of thin air!
The magic dart hits you.
You claw something!
You hear some strange, mumbled words.
You are confused.
You bump into the rock wall.
Something hits you.
You bump into the rock wall.
Something hits you.
You miss something. Something hits you!
You bump into the rock wall.
Something hits you!
* * * LOW HITPOINT WARNING * * *
You barely miss something.
You hear some strange, mumbled words.
You are more confused.
You bump into the rock wall.
Something hits you.
* * * LOW HITPOINT WARNING * * *
A kobold comes into view. It is wielding a +0 whip.
You miss something.
The kobold shouts!
Something hits you.
* * * LOW HITPOINT WARNING * * *
You hear some strange, mumbled words.
A puff of flame appears from out of thin air!
The puff of flame hits you!
* * * LOW HITPOINT WARNING * * *
You hear some strange, mumbled words.
Something tries to affect you, but you resist.
You bump into the rock wall.
Something completely misses you.
You completely miss something. Something hits you!
You die...

#.# #...<# #.#
###### ####.#
####....# #######
.........#####..)...
#####...........#
##..........#
#.#.####...# #.#.#
##@## #.#.# #{#
....# #.# # .## #K#
#. #.. ... ... .###


You could see a kobold.

Vanquished Creatures
  A hound (D:2)
  5 adders
  An ooze (D:1)
  4 worms
  A dart slug (D:1)
  A leopard gecko (D:2)
  7 goblins
  A hobgoblin (D:1)
  5 jackals
  2 ball pythons (D:1)
  6 bats
  2 frilled lizards
  6 kobolds
  3 rats (D:1)
45 creatures vanquished.

Notes
Turn   | Place    | Note
-------+----------+-------------------------------------------
     0 | D:1      | zzzxxxcccvvv the Troll Fighter began the quest for the Orb.
     0 | D:1      | Reached XP level 1. HP: 22/22 MP: 0/0
   118 | D:1      | Reached XP level 2. HP: 29/29 MP: 1/1
   322 | D:1      | You fall into a shaft and drop 1 floor!
   372 | D:2      | Reached XP level 3. HP: 36/36 MP: 2/2
   753 | D:2      | Reached XP level 4. HP: 42/44 MP: 3/3
  1383 | D:3      | Noticed Sigmund
  1401 | D:3      | Slain by Sigmund

Illustrated notes

Levels and vault maps discovered:
D:1:      dpeg_arrival_oval, layout_basic
D:2:      layout_rooms
D:3:      layout_loops_ring, uniq_sigmund, uniq_terence, uniq_jessica

Skill      XL: |  1  2  3 |
---------------+----------+-----
Dodging        | 3 |  3.2
Shields        | 3 |  3.0
Unarmed Combat | 3 |  3.3
Fighting       | |  2.8

Action                   |  1- 3 |  4- 6 || total
-------------------------+-------+-------++-------
Melee: Unarmed           |   108 |    44 ||   152
 Stab: Sleeping          |       |     1 ||     1
Armor: Robe              |    39 |     7 ||    46
Dodge: Dodged            |    38 |     4 ||    42
Block: Kite shield       |    40 |    19 ||    59

Table legend: (Time is in decaauts)
 A = Elapsed time spent in this place.
 B = Non-inter-level travel time spent in this place.
 C = Inter-level travel time spent in this place.
 D = Time resting spent in this place.
 E = Time spent auto-exploring this place.
 F = Levels seen in this place.
 G = Mean time per level.
                   A        B        C        D        E       F      G
               +--------+--------+--------+--------+--------+-----+--------+
         Total |   1425 |   1371 |     54 |     43 |    816 |   3 |  475.0 |
       Dungeon |   1425 |   1371 |     54 |     43 |    816 |   3 |  475.0 |
               +--------+--------+--------+--------+--------+-----+--------+

Top non-repeatable levels by time:
     D:1: 796 daAuts
     D:2: 565 daAuts
     D:3: 63 daAuts
